 Dungeon Crawl Stone Soup version 0.24.0-13-gcf9b3192b9 (webtiles) character file.

Game seed: 711590670484652887, levelgen mode: deterministic

16596 OleJ the Blocker (level 12, -2/97 HPs)
             Began as a Gnoll Fighter on Nov 8, 2019.
             Was a Priest of Makhleb.
             Slain by an earth elemental (24 damage)
             ... on level 12 of the Dungeon.
             The game lasted 00:30:42 (12854 turns).

OleJ the Blocker (Gnoll Fighter)                   Turns: 12854, Time: 00:30:42

Health: -2/97      AC: 17    Str: 21    XL:     12   Next: 39%
Magic:  22/22      EV:  7    Int: 11    God:    Makhleb [***...]
Gold:   596        SH: 17    Dex: 17    Spells: 25/25 levels left

rFire    + . .     SeeInvis .   d - +2 whip (elec)
rCold    x . .     Gourm    .   N - +0 large shield
rNeg     . . .     Faith    .   O - +0 plate armour (curse)
rPois    +         Spirit   .   (no helmet)
rElec    .         Reflect  .   F - scarf {repulsion}
rCorr    .         Harm     .   n - +0 pair of gloves
MR       .....                  r - +0 pair of boots
Stlth    ..........             k - amulet of rage
HPRegen  0.26/turn              B - ring of poison resistance
MPRegen  0.18/turn              y - ring of fire

@: berserk cooldown, repel missiles
A: distributed training, fangs 1, strong nose
a: Minor Destruction, Lesser Servant of Makhleb, Renounce Religion, Evoke
Berserk Rage


You were on level 12 of the Dungeon.
You worshipped Makhleb.
Makhleb was most pleased with you.
You were not hungry.

You visited 1 branch of the dungeon, and saw 12 of its levels.

You collected 644 gold pieces.
You spent 48 gold pieces at shops.

Inventory:

Hand Weapons
 d - a +2 whip of electrocution (weapon)
 R - the cursed +1 halberd of Dominance {chop, rF++ MR+ Dex-4, unknown}
   (You found it on level 11 of the Dungeon)

   It inflicts extra damage upon your enemies.
   It affects your dexterity (-4).
   It greatly protects you from fire.
   It affects your resistance to hostile enchantments.
   It has a curse placed upon it.
 Y - a +3 dire flail
 Z - a +0 mace
Missiles
 a - 14 boomerangs
 t - 7 curare-tipped darts (quivered)
 I - 12 poisoned darts
Armour
 c - a +0 shield
 m - a +3 ring mail
 n - a +0 pair of gloves (worn)
 r - a +0 pair of boots (worn)
 F - a scarf of repulsion (worn)
 N - a +0 large shield (worn)
 O - a cursed +0 plate armour (worn)
 W - +0 acid dragon scales
Jewellery
 k - an amulet of rage (around neck)
 l - an uncursed ring of magical power
 u - an uncursed ring of magical power
 y - a ring of fire (right hand)
 B - a ring of poison resistance (left hand)
 S - an uncursed ring of resist corrosion {unknown}
Wands
 D - a wand of paralysis (5)
 H - a wand of polymorph (9)
 P - a wand of iceblast (10)
 V - a wand of enslavement (8)
 X - a wand of flame (22)
Scrolls
 g - 4 scrolls of amnesia
 h - a scroll of fog
 i - 3 scrolls of noise
 j - 3 scrolls of immolation
 o - 4 scrolls of fear
 q - 5 scrolls of teleportation
 v - 3 scrolls of enchant armour
 x - 11 scrolls of remove curse
 C - a scroll of random uselessness
 E - 3 scrolls of magic mapping
 G - 2 scrolls of enchant weapon {unknown}
 J - a scroll of holy word {unknown}
 K - 2 scrolls of identify
Potions
 b - 4 potions of heal wounds
 e - 2 potions of haste
 p - 7 potions of curing
 s - 3 potions of flight
 z - a potion of agility
 A - a potion of magic
 L - a potion of lignification
 M - 2 potions of cancellation
 T - a potion of berserk rage {unknown}
 U - a potion of brilliance {unknown}
Miscellaneous
 w - a lightning rod (4/4)
Comestibles
 f - 28 rations
 Q - 3 chunks of flesh


   Skills:
 + Level 9.7 Fighting
 + Level 7.1 Short Blades
 + Level 7.1 Long Blades
 + Level 7.1 Axes
 + Level 8.5 Maces & Flails
 + Level 7.1 Polearms
 + Level 7.1 Staves
 + Level 7.1 Slings
 + Level 7.1 Bows
 + Level 7.1 Crossbows
 + Level 7.1 Throwing
 + Level 9.7 Armour
 + Level 7.1 Dodging
 + Level 7.1 Stealth
 + Level 9.7 Shields
 + Level 7.1 Unarmed Combat
 + Level 7.1 Spellcasting
 + Level 5.9 Conjurations
 + Level 5.9 Hexes
 + Level 5.9 Charms
 + Level 5.9 Summonings
 + Level 5.9 Necromancy
 + Level 5.9 Translocations
 + Level 5.9 Transmutations
 + Level 5.9 Fire Magic
 + Level 5.9 Ice Magic
 + Level 5.9 Air Magic
 + Level 5.9 Earth Magic
 + Level 5.9 Poison Magic
 + Level 7.8 Invocations
 + Level 7.1 Evocations


You had 25 spell levels left.
You didn't know any spells.
Your spell library was empty.

Dungeon Overview and Level Annotations

Branches:
Dungeon (12/15)            Temple (0/1) D:4            Lair (0/6) D:8
    Orc (0/2) D:12

Altars:
Fedhas
Makhleb

Shops:
D:8 %%*}:   D:12 *


Innate Abilities, Weirdness & Mutations

Your experience applies equally to all skills.
You have very sharp teeth.
Your uncanny sense of smell can sniff out nearby items.


Message History

An earth elemental is nearby!
You are too injured to fight recklessly!
Press: ? - help, v - describe, . - travel The floor.
An earth elemental is nearby!
Things that are here:
a +0 mace; a crocodile skeleton You hit the earth elemental but do no damage.
You bite the earth elemental, but do no damage.
You block the earth elemental's attack.
You hit the earth elemental. You bite the earth elemental.
The earth elemental is lightly damaged.
The earth elemental hits you!!
* * * LOW HITPOINT WARNING * * *
You hit the earth elemental but do no damage.
You bite the earth elemental, but do no damage.
The earth elemental is lightly damaged.
You feel yourself speed up. The earth elemental hits you!!
You die...

#.........#####.# #.#........
#.......).#...#.# #.##+######
#.........#.(.#.# #..........
#.####....#...#.# #..........
#.............#.# #..........
#.#..#####....'.# #..........
##.#((.#....#.# #<.........
#.+.∩.'....#.# #..........
#.#.E9#....#@# #...#####.. #
#.#####....#E######... #..
#.##.......####.......... #..
#..........E............ #..
#....................... #..
+.....)................. #..
#....................... #..
......................###.#####..
......................# #........


You could see an earth elemental.

Vanquished Creatures
  Erolcha (D:9)
  A two-headed ogre (D:11)
  Pikel (D:3)
  An orc knight (D:12)
  A manticore (D:11)
  2 cyclopes (D:11)
  2 ugly things
  An elephant (D:8)
  2 centaur zombies (D:12)
  3 gargoyles (D:12)
  Psyche (D:8)
  2 trolls (D:12)
  Prince Ribbit (D:6)
  Grinder (D:4)
  4 hippogriffs
  Sigmund (D:5)
  A shadow (D:11)
  A wraith (D:12)
  18 yaks
  Grum (D:9)
  A wyvern (D:11)
  A basilisk (D:9)
  An acid dragon (D:12)
  2 water moccasins
  4 orc warriors
  A black bear (D:6)
  3 sky beasts
  A slave (D:4)
  A necrophage (D:12)
  A phantom (D:6)
  4 ogres
  2 wolves (D:9)
  3 centaurs
  2 crocodiles
  A big kobold (D:7)
  2 gnoll sergeants
  8 bullfrogs
  6 scorpions
  3 killer bees (D:12)
  A howler monkey (D:11)
  3 wights (D:8)
  A bullfrog zombie (D:10)
  9 crimson imps
  Crazy Yiuf (D:6)
  7 orc priests
  7 hounds
  An iron imp (D:8)
  5 jellies
  2 bullfrog skeletons (D:9)
  2 centaur skeletons
  A gnoll shaman (D:5)
  3 iguanas
  8 orc wizards
  11 worker ants
  3 worker ant zombies
  10 gnolls
  A howler monkey zombie (D:6)
  12 adders
  3 shadow imps
  2 oozes (D:5)
  2 adder skeletons
  3 worms
  5 dart slugs
  8 leopard geckos
  32 orcs
  3 giant cockroaches
  6 goblins
  11 hobgoblins
  3 jackals (D:2)
  12 kobolds
  6 quokkas
  3 ball pythons
  10 bats
  8 frilled lizards
  A giant cockroach zombie (D:5)
  A leopard gecko skeleton (D:7)
  A leopard gecko zombie (D:5)
  A quokka zombie (D:6)
  10 rats
312 creatures vanquished.

Vanquished Creatures (others)
  A slave (D:4)
  An orc priest (D:4)
2 creatures vanquished.

Grand Total: 314 creatures vanquished

Notes
Turn   | Place    | Note
-------+----------+-------------------------------------------
     0 | D:1      | OleJ the Gnoll Fighter began the quest for the Orb.
     0 | D:1      | Reached XP level 1. HP: 23/23 MP: 1/1
    73 | D:1      | Reached XP level 2. HP: 29/29 MP: 2/2
   449 | D:2      | Reached XP level 3. HP: 26/35 MP: 3/3
   499 | D:2      | Reached skill level 1 in Invocations
   587 | D:2      | Reached skill level 1 in Short Blades
   587 | D:2      | Reached skill level 1 in Long Blades
   587 | D:2      | Reached skill level 1 in Axes
   587 | D:2      | Reached skill level 1 in Polearms
   587 | D:2      | Reached skill level 1 in Staves
   587 | D:2      | Reached skill level 1 in Slings
   587 | D:2      | Reached skill level 1 in Bows
   587 | D:2      | Reached skill level 1 in Crossbows
   587 | D:2      | Reached skill level 1 in Throwing
   587 | D:2      | Reached skill level 1 in Dodging
   587 | D:2      | Reached skill level 1 in Stealth
   587 | D:2      | Reached skill level 1 in Unarmed Combat
   587 | D:2      | Reached skill level 1 in Spellcasting
   587 | D:2      | Reached skill level 1 in Evocations
   587 | D:2      | Reached XP level 4. HP: 31/41 MP: 5/5
  1283 | D:2      | Reached skill level 1 in Conjurations
  1283 | D:2      | Reached skill level 1 in Hexes
  1283 | D:2      | Reached skill level 1 in Charms
  1283 | D:2      | Reached skill level 1 in Summonings
  1283 | D:2      | Reached skill level 1 in Necromancy
  1283 | D:2      | Reached skill level 1 in Translocations
  1283 | D:2      | Reached skill level 1 in Transmutations
  1283 | D:2      | Reached skill level 1 in Fire Magic
  1283 | D:2      | Reached skill level 1 in Ice Magic
  1283 | D:2      | Reached skill level 1 in Air Magic
  1283 | D:2      | Reached skill level 1 in Earth Magic
  1283 | D:2      | Reached skill level 1 in Poison Magic
  1891 | D:3      | Reached XP level 5. HP: 40/47 MP: 6/6
  2370 | D:3      | Reached XP level 6. HP: 49/53 MP: 8/8
  3300 | D:4      | Noticed a slave
  3336 | D:4      | Killed a slave
  3494 | D:4      | Noticed Pikel
  3494 | D:4      | Noticed a slave
  3494 | D:4      | Noticed a slave
  3497 | D:4      | Noticed a slave
  3522 | D:4      | Reached skill level 5 in Maces & Flails
  3530 | D:3      | Killed Pikel
  3530 | D:3      | Reached XP level 7. HP: 30/60 MP: 8/11
  3746 | D:4      | Reached XP level 8. HP: 67/67 MP: 12/12
  3928 | D:4      | Found a staircase to the Ecumenical Temple.
  4054 | D:4      | Noticed Grinder
  4064 | D:4      | Killed Grinder
  4214 | D:5      | Entered Level 5 of the Dungeon
  5001 | D:5      | Noticed Sigmund
  5009 | D:5      | Killed Sigmund
  5009 | D:5      | Reached XP level 9. HP: 71/72 MP: 14/14
  5664 | D:6      | Noticed Prince Ribbit
  6254 | D:6      | Killed Prince Ribbit
  6278 | D:6      | Found a runed translucent door.
  6279 | D:6      | Noticed Crazy Yiuf
  6418 | D:6      | Killed Crazy Yiuf
  6418 | D:6      | Reached skill level 5 in Invocations
  6531 | D:6      | Found a blossoming altar of Fedhas.
  7458 | D:8      | Reached XP level 10. HP: 80/80 MP: 17/17
  7469 | D:8      | Noticed Psyche
  7509 | D:8      | Found Iniky's Gadget Emporium.
  7529 | D:8      | Found a burning altar of Makhleb.
  7553 | D:8      | Became a worshipper of Makhleb the Destroyer
  7598 | D:8      | Found Vull's Food Emporium.
  7672 | D:8      | Found Geyrriom's Food Emporium.
  8225 | D:9      | Noticed Grum
  8243 | D:9      | Reached skill level 5 in Short Blades
  8243 | D:9      | Reached skill level 5 in Long Blades
  8243 | D:9      | Reached skill level 5 in Axes
  8243 | D:9      | Reached skill level 5 in Polearms
  8243 | D:9      | Reached skill level 5 in Staves
  8243 | D:9      | Reached skill level 5 in Slings
  8243 | D:9      | Reached skill level 5 in Bows
  8243 | D:9      | Reached skill level 5 in Crossbows
  8243 | D:9      | Reached skill level 5 in Throwing
  8243 | D:9      | Reached skill level 5 in Dodging
  8243 | D:9      | Reached skill level 5 in Stealth
  8243 | D:9      | Reached skill level 5 in Unarmed Combat
  8243 | D:9      | Reached skill level 5 in Spellcasting
  8243 | D:9      | Reached skill level 5 in Evocations
  8251 | D:9      | Killed Grum
  8618 | D:9      | Reached * piety under Makhleb
  8810 | D:9      | Noticed Erolcha
  8820 | D:9      | Killed Erolcha
  9119 | D:10     | Entered Level 10 of the Dungeon
  9640 | D:10     | Reached XP level 11. HP: 55/87 MP: 19/19
 10554 | D:8      | Killed Psyche
 10554 | D:8      | Reached skill level 5 in Conjurations
 10554 | D:8      | Reached skill level 5 in Hexes
 10554 | D:8      | Reached skill level 5 in Charms
 10554 | D:8      | Reached skill level 5 in Summonings
 10554 | D:8      | Reached skill level 5 in Necromancy
 10554 | D:8      | Reached skill level 5 in Translocations
 10554 | D:8      | Reached skill level 5 in Transmutations
 10554 | D:8      | Reached skill level 5 in Fire Magic
 10554 | D:8      | Reached skill level 5 in Ice Magic
 10554 | D:8      | Reached skill level 5 in Air Magic
 10554 | D:8      | Reached skill level 5 in Earth Magic
 10554 | D:8      | Reached skill level 5 in Poison Magic
 10610 | D:8      | Found Koeblis's Book Boutique.
 10625 | D:8      | Found a staircase to the Lair.
 10854 | D:8      | Found Guif's General Store.
 10857 | D:8      | Bought a potion of agility for 48 gold pieces
 11002 | D:11     | Noticed a manticore
 11023 | D:11     | Killed a manticore
 11316 | D:11     | Reached ** piety under Makhleb
 11325 | D:11     | Got an ichor-stained halberd
 11419 | D:11     | Noticed a cyclops
 11421 | D:11     | Noticed a cyclops
 11434 | D:11     | Killed a cyclops
 11439 | D:11     | Killed a cyclops
 11817 | D:11     | Noticed a green ugly thing
 11833 | D:11     | Killed a green ugly thing
 12090 | D:11     | Noticed a two-headed ogre
 12096 | D:11     | Killed a two-headed ogre
 12242 | D:12     | Found a staircase to the Orcish Mines.
 12282 | D:12     | Noticed a cyan ugly thing
 12333 | D:12     | Killed a cyan ugly thing
 12333 | D:12     | Reached XP level 12. HP: 36/96 MP: 22/22
 12477 | D:12     | Reached *** piety under Makhleb
 12699 | D:12     | Found Wuast's Pet Rocks.
 12854 | D:12     | Slain by an earth elemental

Levels and vault maps discovered:
D:1:      ebering_trefoil_twist, layout_rooms, minmay_misc_feat_cross
D:2:      minmay_chambers_of_ones, layout_basic, first_ration, st_stairs_10,
          nrook_campfire, kennysheep_generic_room_9
D:3:      layout_basic, minivault_4, kennysheep_another_room
D:4:      minmay_clustersquares, layout_basic, lemuel_temple_firewalk_b,
          uniq_pikel, uniq_grinder
D:5:      layout_basic, minivault_24, uniq_sigmund
D:6:      layout_basic, fedhas_altar_fruit_tree, uniq_crazy_yiuf_cottage,
          uniq_prince_ribbit1
D:7:      layout_basic, serial_glass, glass_columns_b, glass_columns_c
D:8:      layout_cave_pools, makhleb_grotto_becter, david_lair_generic,
          serial_shops, shop, shop, nicolae_shop_waterfront,
          kennysheep_mini_moat, shop, uniq_psyche
D:9:      layout_loops_corners, uniq_grum, uniq_erolcha
D:10:     layout_grid_maze
D:11:     layout_roguey, grunt_ogre_cave
D:12:     layout_irregular_city, orc_0_dummy, guppyfry_shop_earth

Skill      XL: |  1  2  3  4  5  6  7  8  9 10 11 12 |
---------------+-------------------------------------+-----
Invocations    | 1 2 3 4 5 6 7 |  7.8
Short Blades   | 1 2 3 4 5 6 7 |  7.1
Long Blades    | 1 2 3 4 5 6 7 |  7.1
Axes           | 1 2 3 4 5 6 7 |  7.1
Polearms       | 1 2 3 4 5 6 7 |  7.1
Staves         | 1 2 3 4 5 6 7 |  7.1
Slings         | 1 2 3 4 5 6 7 |  7.1
Bows           | 1 2 3 4 5 6 7 |  7.1
Crossbows      | 1 2 3 4 5 6 7 |  7.1
Throwing       | 1 2 3 4 5 6 7 |  7.1
Dodging        | 1 2 3 4 5 6 7 |  7.1
Stealth        | 1 2 3 4 5 6 7 |  7.1
Unarmed Combat | 1 2 3 4 5 6 7 |  7.1
Spellcasting   | 1 2 3 4 5 6 7 |  7.1
Evocations     | 1 2 3 4 5 6 7 |  7.1
Conjurations   | 1 2 3 4 5 |  5.9
Hexes          | 1 2 3 4 5 |  5.9
Charms         | 1 2 3 4 5 |  5.9
Summonings     | 1 2 3 4 5 |  5.9
Necromancy     | 1 2 3 4 5 |  5.9
Translocations | 1 2 3 4 5 |  5.9
Transmutations | 1 2 3 4 5 |  5.9
Fire Magic     | 1 2 3 4 5 |  5.9
Ice Magic      | 1 2 3 4 5 |  5.9
Air Magic      | 1 2 3 4 5 |  5.9
Earth Magic    | 1 2 3 4 5 |  5.9
Poison Magic   | 1 2 3 4 5 |  5.9
Maces & Flails | 5 6 7 8 |  8.5
Fighting       | 7 8 9 |  9.7
Armour         | 7 8 9 |  9.7
Shields        | 7 8 9 |  9.7

Action                   |  1- 3 |  4- 6 |  7- 9 | 10-12 || total
-------------------------+-------+-------+-------+-------++-------
Melee: Flail             |    69 |   178 |       |       ||   247
       Bite              |     6 |    33 |    61 |   134 ||   234
       Whip              |       |   106 |   377 |   718 ||  1201
Throw: Dart              |       |       |    10 |     5 ||    15
       Boomerang         |       |       |     5 |       ||     5
Invok: Minor Destruction |       |       |       |    26 ||    26
 Abil: Evoke Berserk Rag |       |       |       |     1 ||     1
Evoke: Wand              |       |       |       |     3 ||     3
  Use: Potion            |       |     2 |     4 |     3 ||     9
       Scroll            |       |       |     6 |    11 ||    17
 Stab: Sleeping          |       |       |     7 |     4 ||    11
       Distracted        |       |       |     2 |       ||     2
  Eat: Chunk             |       |     9 |    11 |    20 ||    40
Armor: Scale mail        |    20 |    99 |    11 |       ||   130
       Ring mail         |       |       |    78 |    34 ||   112
       Plate armour      |       |       |       |   149 ||   149
Dodge: Dodged            |    20 |    79 |   110 |   115 ||   324
       Deflected         |       |       |       |     6 ||     6
Block: Shield            |    36 |   152 |   151 |    41 ||   380
       Large shield      |       |       |       |   419 ||   419
